 Dungeon Crawl Stone Soup version 0.21.1-1-g345015fe64 (webtiles) character file.

3502 Evaline the Slicer (level 10, -1/65 HPs)
             Began as a Halfling Fighter on June 16, 2018.
             Was a Priest of Okawaru.
             Slain by a killer bee (4 damage)
             ... on level 9 of the Dungeon.
             The game lasted 01:29:58 (11682 turns).

Evaline the Slicer (Halfling Fighter)              Turns: 11682, Time: 01:30:01

Health: -1/65      AC:  6    Str: 17    XL:     10   Next: 28%
Magic:  13/13      EV: 18    Int:  6    God:    Okawaru [***...]
Gold:   567        SH:  0    Dex: 21    Spells: 9/9 levels left

rFire    . . .     SeeInvis .   b - +0 hunting sling
rCold    + . .     Gourm    .   (shield restricted)
rNeg     . . .     Faith    .   A - +0 leather armour "Jeop" {MR+}
rPois    .         Spirit   .   L - +0 helmet
rElec    .         Reflect  .   (no cloak)
rCorr    .         Harm     .   Y - +0 pair of gloves
MR       +....                  (no boots)
Stlth    +++.......             o - amulet of regeneration
HPRegen  0.60/turn              t - +3 ring of dexterity
MPRegen  0.13/turn              E - ring of protection from cold

@: lethally poisoned (-1 -> -2)
A: small, mutation resistance 1
a: Heroism, Renounce Religion


You were on level 9 of the Dungeon.
You worshipped Okawaru.
Okawaru was most pleased with you.
You were not hungry.

You visited 2 branches of the dungeon, and saw 10 of its levels.
You also visited: Sewer.

You collected 567 gold pieces.

Inventory:

Hand Weapons
 a - a +2 dagger of electrocution
 b - a +0 hunting sling (weapon)
 e - a +2 whip of freezing
 q - a +0 dagger of freezing
 r - a +0 hand axe
 w - a +0 spear
 G - a +0 falchion
 P - a +0 rapier
 S - a +0 hand crossbow
Missiles
 g - 56 bolts
 h - 208 stones
 m - 66 sling bullets (quivered)
 C - 8 needles of sleeping
 O - 50 poisoned needles
Armour
 c - a +0 shield
 A - the +0 leather armour "Jeop" (worn) {MR+}
   (You found it on level 8 of the Dungeon)

   It affects your resistance to hostile enchantments.
 I - a +2 ring mail of magic resistance
 L - a +0 helmet (worn)
 Y - a +0 pair of gloves (worn)
Jewellery
 o - an amulet of regeneration (around neck)
 t - a +3 ring of dexterity (left hand)
 B - an uncursed ring of magical power
 E - a ring of protection from cold (right hand)
 U - a cursed -2 ring of evasion {unknown}
Wands
 s - a wand of paralysis (18)
 D - a wand of acid (2)
 H - a wand of polymorph (6)
 K - a wand of disintegration (6)
 M - a wand of random effects (29)
 R - a wand of enslavement (8)
 V - a wand of iceblast (19)
Scrolls
 i - 3 scrolls of immolation {unknown}
 l - 2 scrolls of enchant weapon {unknown}
 u - 5 scrolls of teleportation
 v - 3 scrolls of remove curse
 x - a scroll of amnesia {unknown}
 y - 3 scrolls of fog {unknown}
 F - a scroll of fear {unknown}
 J - a scroll of random uselessness {unknown}
 Q - a scroll of blinking {unknown}
Potions
 d - 2 potions of might
 j - 2 potions of heal wounds
 k - 7 potions of flight
 n - a potion of resistance
 p - 4 potions of curing
 z - 3 potions of brilliance {unknown}
 T - 2 potions of invisibility
 W - 2 potions of magic
Books
 X - a book of Battle

   Spells                             Type                      Level
   a - Infusion                       Charms                       1
   b - Shroud of Golubria             Charms/Translocation         2
   c - Song of Slaying                Charms                       2
   d - Spectral Weapon                Hexes/Charms                 3
   e - Regeneration                   Charms/Necromancy            3
Comestibles
 f - 15 rations
 N - 3 chunks of flesh


   Skills:
 + Level 4.4 Fighting
 + Level 8.1 Short Blades
 * Level 7.7 Slings
 + Level 5.5 Armour
 * Level 5.2 Dodging
 * Level 5.8 Stealth
 * Level 6.4 Shields
 * Level 4.3 Invocations


You had 9 spell levels left.
You didn't know any spells.

Dungeon Overview and Level Annotations

Branches:
Dungeon (9/15)             Temple (1/1) D:4
   Lair: D:8-11         Orc: D:9-12

Altars:
Ashenzari
Dithmenos
Elyvilon
Fedhas
Gozag
Hepliaklqana
Kikubaaqudgha
Makhleb
Nemelex Xobeh
Okawaru
Qazlal
Ru
Sif Muna
Trog
Vehumet
Wu Jian
Xom
Yredelemnul
Zin
The Shining One

Shops:
D:4 [   D:5 (   D:7 *}

Annotations:
D:8 Joseph


Innate Abilities, Weirdness & Mutations

You are small and have problems with some larger weapons.
You are somewhat resistant to further mutation.


Message History

Aim: a killer bee (almost dead)
You shoot a sling bullet.
The sling bullet barely misses the killer bee.
The sling bullet hits the killer bee.
The killer bee is lightly wounded.
The killer bee stings you.
* * * LOW HITPOINT WARNING * * *
The killer bee closely misses you.
Some of the chunks of flesh in your inventory have rotted away.
Firing (i - inventory. (,) - cycle):
m - 67 sling bullets (quivered)
Press: ? - help, Shift-Dir - straight line, f/p - killer bee
Aim: a killer bee (almost dead)
You shoot a sling bullet.
The sling bullet hits the killer bee but does no damage.
The killer bee is almost dead.
The killer bee stings you!
* * * LOW HITPOINT WARNING * * *
You are poisoned.
The killer bee poisons you! The killer bee stings you.
You die...

#....##+###.......#
#............#..(.# #
..##.........#....##.#
.........#...#.......#
.........#...#.......#
.#..........†#...#####
.#...######....yy#
.....# ######y# ######
#@# # #..# # ##.# ..
### #8## ...8 ....#


You could see 3 killer bees.

Vanquished Creatures
  Pikel (D:7)
  Sigmund (D:3)
  Eustachio (D:6)
  3 slaves (D:7)
  A sky beast (D:6)
  A necrophage (D:9)
  2 ogres
  A centaur (D:8)
  3 bullfrogs
  6 scorpions
  13 killer bees
  5 wights
  3 howler monkeys (D:9)
  4 crimson imps
  2 centaur zombies
  4 hounds
  2 jellies
  An orc priest (D:5)
  4 orc wizards
  Jessica (D:3)
  Ijyb (D:4)
  3 worker ants
  2 worker ant zombies (D:8)
  15 adders
  3 shadow imps
  An adder skeleton (D:4)
  2 adder zombies (D:9)
  5 worms
  A dart slug (D:1)
  4 leopard geckos
  8 orcs
  2 ball pythons
  16 bats
  6 giant cockroaches
  5 goblins
  3 hobgoblins
  8 jackals
  4 quokkas
  3 frilled lizards
  7 kobolds
  5 rats
  A fungus (D:4)
164 creatures vanquished.

Vanquished Creatures (others)
  A slave (D:8)
  4 fungi (D:4)
  2 plants (D:4)
7 creatures vanquished.

Grand Total: 171 creatures vanquished

Notes
Turn   | Place    | Note
-------+----------+-------------------------------------------
     0 | D:1      | Evaline the Halfling Fighter began the quest for the Orb.
     0 | D:1      | Reached XP level 1. HP: 15/15 MP: 1/1
   163 | D:1      | Reached XP level 2. HP: 20/20 MP: 2/2
   630 | D:1      | Reached XP level 3. HP: 24/25 MP: 3/3
   725 | D:1      | Reached skill level 1 in Dodging
  1069 | D:2      | Reached skill level 3 in Short Blades
  1194 | D:2      | Reached XP level 4. HP: 19/30 MP: 4/4
  1965 | D:3      | Reached skill level 1 in Stealth
  2031 | D:3      | Found a bloodstained altar of Trog.
  2051 | D:3      | Reached skill level 4 in Short Blades
  2418 | D:3      | Noticed Jessica
  2427 | D:3      | Killed Jessica
  2427 | D:3      | Reached XP level 5. HP: 36/36 MP: 5/5
  2443 | D:3      | Found an opulent altar of Gozag.
  2468 | D:3      | Found a deep blue altar of Sif Muna.
  2472 | D:3      | Found a hazy altar of Hepliaklqana.
  2476 | D:3      | Noticed Sigmund
  2603 | D:3      | Reached skill level 1 in Slings
  2830 | D:4      | Found Vutyscha's Antique Armour Boutique.
  2835 | D:4      | Noticed Ijyb
  2865 | D:4      | Killed Ijyb
  3002 | D:5      | Entered Level 5 of the Dungeon
  3450 | D:5      | Found Jouhees's Weapon Shoppe.
  3468 | D:5      | Reached XP level 6. HP: 36/42 MP: 6/6
  3743 | D:5      | Reached skill level 5 in Short Blades
  3835 | D:5      | Found an iron altar of Okawaru.
  3859 | D:5      | Became a worshipper of Warmaster Okawaru
  3938 | D:5      | Reached XP level 7. HP: 24/46 MP: 7/7
  4364 | D:4      | Found a staircase to the Ecumenical Temple.
  4384 | Temple   | Entered the Ecumenical Temple
  4807 | D:6      | Noticed Eustachio
  4817 | D:6      | Found a glowing drain.
  4961 | Sewer    | Entered a sewer
  5726 | D:6      | Reached skill level 1 in Invocations
  6200 | D:6      | Found a radiant altar of Vehumet.
  6388 | D:4      | Reached XP level 8. HP: 43/52 MP: 8/8
  6579 | D:5      | Reached skill level 6 in Short Blades
  7035 | D:4      | Reached * piety under Okawaru
  7035 | D:4      | Reached skill level 5 in Shields
  7304 | D:3      | Killed Sigmund
  7436 | D:3      | Found a bloodstained altar of Trog.
  7691 | D:3      | Found a deep blue altar of Sif Muna.
  7693 | D:3      | Found a hazy altar of Hepliaklqana.
  7750 | D:3      | Found an opulent altar of Gozag.
  8001 | D:6      | Killed Eustachio
  8178 | D:7      | Found a shattered altar of Ashenzari.
  8205 | D:7      | Found Ixigoto's Gadget Emporium.
  8267 | D:7      | Found Fauseirph's Assorted Antiques.
  8282 | D:7      | Noticed Pikel
  8374 | D:7      | Reached XP level 9. HP: 58/58 MP: 10/10
  8759 | D:7      | Killed Pikel
  8759 | D:7      | Reached ** piety under Okawaru
  8759 | D:7      | Reached skill level 7 in Short Blades
  8759 | D:7      | Reached skill level 5 in Slings
  9058 | D:8      | Found a burning altar of Makhleb.
  9058 | D:8      | Noticed an Executioner
  9145 | D:8      | Noticed a two-headed ogre
  9368 | D:8      | Reached skill level 5 in Stealth
  9427 | D:8      | Reached skill level 5 in Armour
  9687 | D:8      | Noticed a hellwing
  9687 | D:8      | Noticed a hellwing
  9932 | D:8      | Noticed Joseph
 10104 | D:8      | Got an ancient leather armour
 10433 | D:7      | Identified the +0 leather armour "Jeop" {MR+} (You found it on level 8 of the Dungeon)
 10580 | D:8      | Reached XP level 10. HP: 19/63 MP: 12/12
 11383 | D:9      | Reached *** piety under Okawaru
 11389 | D:9      | Reached skill level 8 in Short Blades
 11389 | D:9      | Reached skill level 5 in Dodging
 11461 | D:9      | Found a basalt altar of Yredelemnul.
 11682 | D:9      | HP: 3/65 [killer bee (8)]
 11682 | D:9      | Slain by a killer bee

Skill      XL: |  1  2  3  4  5  6  7  8  9 10 |
---------------+-------------------------------+-----
Dodging        | 1 2 3 4 5 |  5.2
Short Blades   | 3 4 5 6 7 8 |  8.1
Stealth        | 1 2 3 4 5 |  5.8
Slings         | 1 2 3 4 6 7 |  7.7
Fighting       | 3 4 |  4.4
Shields        | 4 5 6 |  6.4
Invocations    | 1 2 3 4 |  4.3
Armour         | 4 5 |  5.5

Action                   |  1- 3 |  4- 6 |  7- 9 | 10-12 || total
-------------------------+-------+-------+-------+-------++-------
Melee: Rapier            |    84 |   156 |   157 |       ||   397
       Unarmed           |       |     3 |       |       ||     3
       Spear             |       |       |    24 |       ||    24
       Dagger            |       |       |   205 |   114 ||   319
 Fire: Hunting sling     |       |     5 |    75 |     8 ||    88
  Use: Scroll            |       |       |    11 |       ||    11
       Potion            |       |       |       |     4 ||     4
 Stab: Sleeping          |     2 |       |     1 |       ||     3
       Distracted        |       |       |       |     1 ||     1
  Eat: Chunk             |     1 |     9 |    14 |     3 ||    27
       Ration            |       |       |     2 |       ||     2
Armor: Ring mail         |    14 |       |    58 |       ||    72
       Robe              |     2 |     8 |    10 |       ||    20
       Skin              |       |     8 |       |       ||     8
       Leather armour    |       |       |       |    15 ||    15
Dodge: Dodged            |    55 |    93 |   240 |   110 ||   498
